 Dungeon Crawl Stone Soup version 0.19-a0-27-g415f530 (webtiles) character file.

2079 Mefis the Thaumaturge (level 9, -1/45 HPs)
             Began as a Deep Elf Wizard on May 1, 2016.
             Killed by divine providence
             ... invoked by an orc priest
              (12 damage)
             ... on level 8 of the Dungeon.
             The game lasted 00:35:01 (9974 turns).

Mefis the Thaumaturge (Deep Elf Wizard)             Turns: 9974, Time: 00:35:02

Health: -1/45      AC:  4    Str:  4    XL:     9   Next: 6%
Magic:  12/23      EV: 15    Int: 27    God:
Gold:   338        SH:  0    Dex: 13    Spells: 7 memorised, 9 levels left

rFire  . . .     SeeInvis .     D - +0 shortbow
rCold  . . .     Gourm    .     a - +0 robe
rNeg   . . .     Faith    .     (shield currently unavailable)
rPois  .         Spirit   .     w - +0 helmet
rElec  .         Dismiss  .     (no cloak)
rCorr  .         Reflect  .     H - +0 pair of gloves
SustAt .         Harm     .     (no boots)
MR     .....                    (no amulet)
Stlth  +++.......               (no ring)
                                (no ring)

@: repel missiles, not resistant to hostile enchantments, fairly stealthy
A: no striking features
a: no special abilities


You were on level 8 of the Dungeon.
You were not hungry.

You visited 2 branches of the dungeon, and saw 9 of its levels.

You collected 338 gold pieces.

Inventory:

Hand Weapons
 h - a +0 whip of venom
 p - a +1 dagger of venom
 z - a +0 arbalest
 D - a +0 shortbow (weapon)
 O - a +0 blowgun
Missiles
 n - 73 arrows (quivered)
 r - 44 poisoned needles
 N - 2 tomahawks of returning
 P - 17 bolts
Armour
 a - a +0 robe (worn)
 b - a +0 hat
 w - a +0 helmet (worn)
 H - a +0 pair of gloves (worn)
Jewellery
 t - a +4 ring of slaying {unknown}
Wands
 y - a wand of lightning (11/15)
 A - a wand of teleportation (3/9)
 C - a wand of polymorph (8/24)
 G - a wand of digging (9/24)
 K - a wand of confusion (37/48)
Scrolls
 e - 5 scrolls of remove curse
 g - 3 scrolls of immolation {unknown}
 i - 7 scrolls of identify {unknown}
 k - 3 scrolls of teleportation {unknown}
 m - 2 scrolls of random uselessness {unknown}
 o - 2 scrolls of enchant armour {unknown}
 q - 2 scrolls of fear {unknown}
 s - 3 scrolls of magic mapping {unknown}
 B - a scroll of enchant weapon {unknown}
 I - a scroll of noise {unknown}
 L - a scroll of recharging {unknown}
 M - 3 scrolls of fog {unknown}
Potions
 f - 2 potions of ambrosia {unknown}
 j - 2 potions of berserk rage {unknown}
 l - a potion of haste
 u - a potion of mutation {unknown}
 v - a potion of flight {unknown}
 x - 5 potions of curing {unknown}
 E - 3 potions of might {unknown}
 F - a potion of heal wounds
Books
 c - a book of Minor Magic

   Spells                             Type                      Level
   a - Magic Dart                     Conjuration                  1
   b - Blink                          Translocation                2
   c - Call Imp                       Summoning                    2
   d - Repel Missiles                 Charms/Air                   2
   e - Slow                           Hexes                        2
   f - Conjure Flame                  Conjuration/Fire             3
   g - Mephitic Cloud                 Conjuration/Poison/Air       3
Comestibles
 d - 4 bread rations
 J - 3 fruits


   Skills:
 + Level 5.9 Dodging
 + Level 6.7 Stealth
 + Level 8.1 Spellcasting
 + Level 5.3 Conjurations
 + Level 3.4 Hexes
 + Level 3.3 Charms
 + Level 3.1 Summonings
 + Level 3.1 Translocations
 + Level 2.9 Fire Magic
 + Level 2.7 Poison Magic


You had 9 spell levels left.
You knew the following spells:

 Your Spells              Type           Power        Failure   Level  Hunger
a - Magic Dart            Conj           ####         1%          1    None
b - Call Imp              Summ           ####....     1%          2    None
c - Blink                 Tloc           N/A          1%          2    None
d - Repel Missiles        Chrm/Air       ###...       4%          2    None
e - Mephitic Cloud        Conj/Pois/Air  ####....     6%          3    None
f - Conjure Flame         Conj/Fire      ####....     2%          3    None
g - Slow                  Hex            ####....     1%          2    None


Dungeon Overview and Level Annotations

Branches:
Dungeon (8/15)             Temple (1/1) D:5
   Lair: D:8-11

Altars:
Ashenzari
Cheibriados
Dithmenos
Elyvilon
Fedhas
Gozag
Kikubaaqudgha
Makhleb
Nemelex Xobeh
Okawaru
Pakellas
Qazlal
Ru
Sif Muna
Trog
Vehumet
Xom
Zin
The Shining One


Message History

The orc priest is severely wounded.
The orc priest mumbles some strange prayers to Beogh against you.
You resist with significant effort.
Your crimson imp hits the orc priest.
Casting: Magic Dart
Confirm with . or Enter, or press ? or * to list all spells.
Aiming: Magic Dart
Press: ? - help, Shift-Dir - straight line, f/p - orc priest
Aim: an orc priest, wielding a flail and wearing a leather armour (severely wounded)
The magic dart hits the orc priest.
You kill the orc priest!
You see here a transparent large shield.
The orc priest miscasts a cantrip.
The orc wizard gestures wildly while chanting.
The orc wizard flickers and vanishes!
Deactivating autopickup; reactivate with Ctrl-A.
The orc priest looks braver for a moment.
Your magical contamination has completely faded away.
The orc priest mumbles some strange prayers to Beogh against you.
Beogh smites you!
You die...

#.#
#.#
#.#
#.#
#..
#.#
#.#
#@#
#.#
#5#
#.#
#.#
#.#
#o#
#.#
#5#


You could see an orc priest and a friendly crimson imp.

Vanquished Creatures
  Sigmund (D:4)
  An orc warrior (D:7)
  2 ogres
  2 centaurs
  A big kobold (D:7)
  3 giant frogs (D:7)
  Dowan (D:4)
  2 scorpions
  2 howler monkeys
  A crimson imp (D:7)
  A centaur zombie (D:5)
  5 hounds
  A centaur skeleton (D:5)
  7 orc priests
  4 orc wizards
  4 worker ants
  A worker ant zombie (D:7)
  3 gnolls (D:4)
  7 adders
  A shadow imp (D:7)
  An ooze (D:1)
  An adder zombie (D:5)
  2 adder skeletons
  3 dart slugs
  2 giant geckos (D:1)
  30 orcs
  A ball python (D:4)
  10 bats
  8 giant cockroaches
  10 goblins
  4 hobgoblins
  16 jackals
  15 kobolds
  7 quokkas
  A giant gecko skeleton (D:7)
  4 giant newts
  A jackal skeleton (D:4)
  A quokka skeleton (D:4)
  A quokka zombie (D:5)
  6 rats
174 creatures vanquished.

Vanquished Creatures (collateral kills)
  Duvessa (D:4)
  An orc (D:4)
  A jackal (D:4)
3 creatures vanquished.

Grand Total: 177 creatures vanquished

Notes
Turn   | Place    | Note
--------------------------------------------------------------
     0 | D:1      | Mefis the Deep Elf Wizard began the quest for the Orb.
     0 | D:1      | Reached XP level 1. HP: 10/10 MP: 7/7
   305 | D:1      | You fall through a shaft!
   311 | D:2      | Reached XP level 2. HP: 15/15 MP: 5/9
   420 | D:2      | Learned a level 2 spell: Call Imp
   423 | D:2      | Learned a level 2 spell: Blink
   426 | D:2      | Learned a level 2 spell: Repel Missiles
   622 | D:1      | Reached skill level 5 in Spellcasting
   789 | D:1      | Reached XP level 3. HP: 19/19 MP: 9/11
   977 | D:1      | Learned a level 3 spell: Mephitic Cloud
  2008 | D:2      | Reached XP level 4. HP: 24/24 MP: 8/13
  2013 | D:2      | Learned a level 3 spell: Conjure Flame
  3135 | D:3      | Reached XP level 5. HP: 25/28 MP: 6/15
  3142 | D:3      | Learned a level 2 spell: Slow
  3544 | D:4      | Noticed Sigmund
  3733 | D:4      | Killed Sigmund
  3733 | D:4      | Reached skill level 6 in Spellcasting
  3733 | D:4      | Reached XP level 6. HP: 32/32 MP: 1/17
  4011 | D:5      | Entered Level 5 of the Dungeon
  4011 | D:5      | Found a snail-covered altar of Cheibriados.
  4484 | D:4      | Reached skill level 5 in Stealth
  4601 | D:4      | Found a sparkling altar of Nemelex Xobeh.
  4704 | D:4      | Reached skill level 5 in Dodging
  4704 | D:4      | Reached XP level 7. HP: 36/36 MP: 4/19
  4891 | D:4      | Reached skill level 7 in Spellcasting
  5236 | D:4      | Noticed Duvessa
  5236 | D:4      | Noticed Dowan
  5774 | D:4      | HP: 1/36 [Duvessa/short sword (5)]
  6114 | D:4      | Killed Duvessa
  6125 | D:4      | Killed Dowan
  6125 | D:4      | Reached skill level 1 in Hexes
  6282 | D:4      | Reached skill level 1 in Fire Magic
  6583 | D:5      | Reached skill level 1 in Poison Magic
  6729 | D:5      | Found a stormy altar of Qazlal.
  6857 | D:5      | Reached skill level 1 in Charms
  7058 | D:5      | Reached XP level 8. HP: 41/41 MP: 13/21
  7259 | D:5      | Found a staircase to the Ecumenical Temple.
  7271 | Temple   | Entered the Ecumenical Temple
  8561 | D:7      | Reached skill level 5 in Conjurations
  9046 | D:7      | Reached skill level 8 in Spellcasting
  9537 | D:7      | Reached XP level 9. HP: 25/45 MP: 7/23
  9974 | D:8      | Killed from afar by an orc priest

Vault maps used:
D:1:      dpeg_arrival_lava_altar, hangedman_abyss_or_decor_stabs
D:3:      first_bread
D:4:      nemelex_xobeh_ov_fountains_minmay, uniq_sigmund, uniq_duvessa
D:5:      nicolae_overflow_crystal_walls, minmay_temple_entry_trees,
          grunt_qazlal_sundering
D:7:      kennysheep_small_circle
Temple:   dpeg_three_leaves_temple_18

Skill      XL: |  1  2  3  4  5  6  7  8 |
---------------+-------------------------+-----
Stealth        | 3 4 5 6 |  6.7
Spellcasting   | 5 6 7 8 |  8.1
Dodging        | 3 4 5 |  5.9
Conjurations   | 2 3 4 5 |  5.3
Hexes          | 1 3 |  3.4
Fire Magic     | 1 2 |  2.9
Poison Magic   | 1 2 |  2.7
Charms         | 1 3 |  3.3
Summonings     | 2 3 |  3.1
Translocations | 3 |  3.1

Action                   |  1- 3 |  4- 6 |  7- 9 || total
-------------------------+-------+-------+-------++-------
Melee: Unarmed           |     2 |       |       ||     2
       Whip              |     2 |       |       ||     2
       Dagger            |       |       |    13 ||    13
 Fire: Shortbow          |       |       |    18 ||    18
Throw: Tomahawk          |       |       |     2 ||     2
 Cast: Magic Dart        |   106 |   153 |   275 ||   534
       Repel Missiles    |     1 |       |     2 ||     3
       Mephitic Cloud    |       |     7 |    21 ||    28
       Call Imp          |       |     2 |    12 ||    14
       Conjure Flame     |       |     3 |     9 ||    12
       Blink             |       |       |     2 ||     2
  Use: Scroll            |     1 |       |       ||     1
 Stab: Confused          |       |       |     1 ||     1
       Sleeping          |       |       |     1 ||     1
  Eat: Chunk             |     3 |     8 |     5 ||    16
       Bread ration      |       |       |     1 ||     1
       Meat ration       |       |       |     1 ||     1
       Pizza             |       |       |     1 ||     1
Armor: Robe              |    15 |    16 |     5 ||    36
Dodge: Dodged            |    35 |    27 |    61 ||   123
       Deflected         |       |       |     9 ||     9
